 Dungeon Crawl Stone Soup version 0.28.0-53-g5a82cb258f (webtiles) character file.

Game seed: 709524573867231704

14420 oldmanjim the Grappler (level 11, -8/105 HPs)
             Began as a Troll Hunter on Aug 2, 2022.
             Was a Follower of Uskayaw.
             Mangled by a cane toad (14 damage)
             ... on level 1 of the Lair of Beasts.
             The game lasted 00:54:10 (11307 turns).

oldmanjim the Grappler (Troll Hunter)              Turns: 11307, Time: 00:54:12

Health: -8/105     AC:  2    Str: 26    XL:     11   Next: 88%
Magic:  16/16      EV: 10    Int:  7    God:    Uskayaw [*.....]
Gold:   571        SH:  0    Dex: 16    Spells: 10/10 levels left

rFire   . . .      SeeInvis .     - Unarmed
rCold   . . .      Faith    .   (no shield)
rNeg    . . .      Spirit   .   M - +0 troll leather armour
rPois   .          Reflect  .   (helmet restricted)
rElec   .          Harm     .   O - scarf {shadows}
rCorr   +          Rampage  .   (gloves unavailable)
Will    .....                   (boots unavailable)
Stlth   +.........              P - amulet of regeneration
HPRegen 2.67/turn               e - +6 ring of dexterity
MPRegen 0.15/turn               i - ring of resist corrosion

@: lethally poisoned (-8 -> -11), corroded, slowed, very slow
A: large, unfitting armour, claws 3, regeneration 1, shaggy fur 1, tough skin 1
a: Renounce Religion, Stomp


You were on level 1 of the Lair of Beasts.
You worshipped Uskayaw.
Uskayaw was aware of your devotion.
You visited 3 branches of the dungeon, and saw 14 of its levels.
You also visited: Sewer.

You collected 571 gold pieces.

Inventory:

Missiles
 b - 3 silver boomerangs
 c - 6 large rocks (quivered)
 d - 4 throwing nets
 l - 85 poisoned darts
 u - 196 stones
 B - 5 javelins
 G - a boomerang
 N - 7 curare-tipped darts
Armour
 a - a +2 robe of the Archmagi
 M - a +0 troll leather armour (worn)
 O - a scarf of shadows (worn)
Magical Staves
 Q - a staff of air
Jewellery
 e - a +6 ring of dexterity (left claw)
 i - a ring of resist corrosion (right claw)
 m - a ring of fire
 J - the ring of Orastrit {+Blink rN+ Int+4 Dex-3 Stlth+}
   (You found it on level 9 of the Dungeon)

   [ring of positive energy]

   Int:       It affects your intelligence (+4).
   Dex:       It affects your dexterity (-3).
   rN:        It protects you from negative energy.
   +Blink:    It lets you blink.
   Stlth:     It makes you more stealthy.
 P - an amulet of regeneration (around neck)
Wands
 p - a wand of flame (49)
 C - a wand of acid (10)
Scrolls
 g - 2 scrolls of blinking {unknown}
 k - 9 scrolls of teleportation
 q - a scroll of immolation {unknown}
 t - a scroll of summoning {unknown}
 v - 3 scrolls of enchant armour {unknown}
 y - 2 scrolls of magic mapping {unknown}
 z - a scroll of fear {unknown}
 A - a scroll of vulnerability {unknown}
 D - a scroll of brand weapon {unknown}
 F - 2 scrolls of fog {unknown}
 K - a scroll of acquirement {unknown}
 L - a scroll of holy word {unknown}
Potions
 f - 2 potions of invisibility {unknown}
 h - 2 potions of haste
 j - a potion of resistance
 n - 8 potions of heal wounds
 o - a potion of attraction {unknown}
 r - 2 potions of degeneration {unknown}
 s - 3 potions of curing
 w - 2 potions of might
 x - 2 potions of flight
 E - 3 potions of brilliance
 H - a potion of cancellation {unknown}
 R - a potion of mutation {unknown}
Miscellaneous
 I - a condenser vane


   Skills:
 - Level 6.0 Fighting
 - Level 6.0 Throwing
 - Level 3.0 Dodging
 - Level 0.3 Stealth
 + Level 13.7 Unarmed Combat
 + Level 8.2 Invocations
 + Level 3.3 Evocations


You had 10 spell levels left.
You didn't know any spells.
Your spell library contained the following spells:

 Spells                   Type           Power      Damage    Failure   Level
 Magic Dart               Conj           0%         1d3       47%         1
 Pain                     Necr           0%         1d4       47%         1
 Shock                    Conj/Air       0%         1d3       47%         1
 Sting                    Tmut/Pois      0%         1d3       47%         1
 Summon Small Mammal      Summ           0%         N/A       47%         1
 Call Imp                 Summ           0%         N/A       63%         2
 Poisonous Vapours        Pois/Air       0%         N/A       63%         2
 Call Canine Familiar     Summ           0%         N/A       85%         3
 Frozen Ramparts          Ice            0%         1d2       85%         3
 Gell's Gravitas          Tloc           0%         N/A       85%         3
 Mephitic Cloud           Conj/Pois/Air  0%         N/A       85%         3
 Summon Guardian Golem    Hex/Summ       0%         N/A       85%         3
 Swiftness                Air            0%         N/A       85%         3
 Teleport Other           Tloc           0%         N/A       85%         3
 Airstrike                Air            0%         N/A       99%         4
 Ice Form                 Ice/Tmut       0%         N/A       99%         4
 Leda's Liquefaction      Hex/Erth       0%         N/A       99%         4
 Olgreb's Toxic Radiance  Pois           0%         N/A       99%         4
 Summon Ice Beast         Ice/Summ       0%         N/A       99%         4
 Agony                    Necr           0%         N/A       100%        5
 Excruciating Wounds      Necr           0%         N/A       100%        5
 Lee's Rapid Deconstruct  Erth           0%         3d5*      100%        5
 Summon Forest            Summ/Tloc      0%         N/A       100%        5
 Summon Mana Viper        Hex/Summ       0%         N/A       100%        5
 Dispersal                Tloc           0%         N/A       100%        6
 Statue Form              Tmut/Erth      0%         N/A       100%        6
 Summon Cactus Giant      Summ           0%         N/A       100%        6


Dungeon Overview and Level Annotations

Branches:
Dungeon (12/15)            Temple (1/1) D:6            Lair (1/6) D:10
    Orc (0/2) D:11          Sewer (visited)

Altars:
Ashenzari
Cheibriados
Dithmenos
Elyvilon
Fedhas
Gozag
Hepliaklqana
Kikubaaqudgha
Makhleb
Nemelex Xobeh
Okawaru
Qazlal
Ru
Sif Muna
Trog
Uskayaw
Vehumet
Wu Jian
Xom
Yredelemnul
Zin
The Shining One

Shops:
D:7 =

Annotations:
D:7 2 runed translucent doors
D:11 3 runed translucent doors, Fractals's ghost, journeyman KoBe
Lair:1 Erica


Innate Abilities, Weirdness & Mutations

You are too large for most types of armour.
You have claws for hands.
Your natural rate of healing is unusually fast.
You are covered in fur. (AC +1)
You have tough skin. (AC +1)


Message History

Found 21 arrows.
Erica the Fiery-Tempered comes into view.
She is wielding a +1 scimitar of flaming and carrying a wand of acid (8).
Erica shouts!
A cane toad comes into view.
Throw: 10 large rocks
Press: ? - help, Q - select action, (/) - cycle Shift-Dir - straight line, f - Erica
Aim: Erica, wielding a +1 scimitar of flaming, wearing a +0 robe and carrying a wand of acid (8) (63% to hit)
You throw a large rock. The large rock barely misses Erica.
The cane toad croaks.
Erica zaps a wand.
The bolt of acid hits you! You resist. The acid corrodes you!
Throw: 9 large rocks
Press: ? - help, Q - select action, (/) - cycle Shift-Dir - straight line, f/p - Erica
Aim: Erica, wielding a +1 scimitar of flaming, wearing a +0 robe and carrying a wand of acid (7) (63% to hit)
You throw a large rock. The large rock closely misses Erica.
Erica points at you and mumbles some strange words.
You feel yourself slow down.
Erica zaps a wand.
The bolt of acid hits you! You resist.
Throw: 8 large rocks
Press: ? - help, Q - select action, (/) - cycle Shift-Dir - straight line, f/p - Erica
Aim: Erica, wielding a +1 scimitar of flaming, wearing a +0 robe and carrying a wand of acid (6) (63% to hit)
You throw a large rock. The large rock hits Erica!!
Erica is moderately wounded.
The cane toad stings you!
You are poisoned.
The cane toad poisons you! The cane toad stings you.
You are more poisoned.
The cane toad poisons you! The cane toad barely misses you.
Throw: 7 large rocks
Press: ? - help, Q - select action, (/) - cycle Shift-Dir - straight line, f/p - Erica
Aim: Erica, wielding a +1 scimitar of flaming, wearing a +0 robe and carrying a wand of acid (6) (moderately wounded, 63% to hit)
You throw a large rock. The large rock hits Erica!!
Erica is severely wounded.
You feel extremely sick. The cane toad stings you!! Erica barely misses you.
The cane toad stings you!!
* * * LOW HITPOINT WARNING * * *
Erica zaps a wand.
The bolt of acid hits you!! You resist.
* * * LOW HITPOINT WARNING * * *
The cane toad stings you!
You die...

......(......
.............
#.....(......
#............
##....(......
#..#..F@....#
#......@...##
#.......#..##
#...........#
#............
##............
..............
.......#######
#....(.#### .
##.....##P#
### .


You could see Erica and a cane toad.

Vanquished Creatures
  2 two-headed ogres
  Nergalle (D:11)
  A cyclops (D:12)
  2 manticores
  An ugly thing (D:12)
  A kobold demonologist (D:10)
  A komodo dragon (Lair:1)
  3 trolls
  The ghost of safid the Chopper, an amateur HOFi of Elyvilon (D:4)
  2 polar bears (Lair:1)
  2 shadows
  A wraith (D:10)
  2 vampires
  Eustachio (D:4)
  2 wyverns
  4 basilisks
  4 vampire mosquitoes (D:12)
  Edmund (D:5)
  8 water moccasins
  2 sky beasts (D:7)
  4 orc warriors
  2 ice beasts
  A hornet zombie (D:5)
  A necrophage (D:4)
  2 ogres
  4 centaurs
  3 phantoms
  Blork the orc (D:6)
  20 kobold brigands (D:10)
  5 bullfrogs
  A gnoll sergeant (D:7)
  A wyvern zombie (D:9)
  2 scorpions
  A water moccasin zombie (D:5)
  2 water moccasin skeletons
  3 troll zombies (D:11)
  3 killer bees (D:10)
  14 wights
  3 howler monkeys
  2 centaur zombies
  A bullfrog zombie (D:6)
  2 bullfrog skeletons
  A gnoll shaman (D:4)
  4 orc priests
  2 centaur skeletons (D:5)
  3 iguanas
  12 orc wizards
  5 ogre zombies (D:11)
  3 hound skeletons (D:5)
  A howler monkey skeleton (D:6)
  15 gnolls
  8 adders
  A shadow imp (D:8)
  2 ufetubi (D:5)
  An adder skeleton (D:4)
  2 dart slugs
  2 worms
  36 orcs
  8 endoplasms
  14 giant cockroaches
  4 goblins
  6 hobgoblins
  6 jackals
  10 quokkas
  16 ball pythons
  4 bats
  12 frilled lizards
  3 goblin skeletons (D:11)
  3 goblin zombies (D:11)
  2 hobgoblin skeletons (D:11)
  3 hobgoblin zombies (D:11)
  14 kobolds
  3 orc skeletons (D:11)
  11 orc zombies (D:11)
  10 rats
347 creatures vanquished.

Vanquished Creatures (others)
  19 plants
19 creatures vanquished.

Grand Total: 366 creatures vanquished

Notes
Turn   | Place    | Note
-------+----------+-------------------------------------------
     0 | D:1      | oldmanjim the Troll Hunter began the quest for the Orb.
     0 | D:1      | Reached XP level 1. HP: 19/19 MP: 0/0
   100 | D:1      | Reached XP level 2. HP: 28/28 MP: 1/1
   187 | D:1      | Reached skill level 1 in Unarmed Combat
   572 | D:2      | Reached XP level 3. HP: 35/35 MP: 2/2
   782 | D:2      | Reached skill level 2 in Unarmed Combat
   824 | D:2      | You fall into a shaft and drop 2 floors!
   845 | D:3      | Noticed a scorpion
   852 | D:3      | Killed a scorpion
   853 | D:3      | Reached skill level 3 in Unarmed Combat
   853 | D:3      | Reached XP level 4. HP: 42/42 MP: 3/3
  1144 | D:3      | Reached skill level 4 in Unarmed Combat
  1178 | D:3      | Found a glowing drain.
  1185 | D:3      | Reached XP level 5. HP: 49/49 MP: 4/4
  1191 | Sewer    | Entered a sewer
  1845 | D:4      | Reached XP level 6. HP: 52/59 MP: 5/5
  1900 | D:4      | Reached skill level 5 in Unarmed Combat
  2011 | D:4      | Noticed Eustachio
  2018 | D:4      | Killed Eustachio
  2019 | D:4      | Reached skill level 6 in Unarmed Combat
  2019 | D:4      | Reached XP level 7. HP: 51/67 MP: 6/6
  2044 | D:4      | Noticed safid's ghost (amateur HOFi)
  2057 | D:4      | Found a runed translucent door.
  2309 | D:4      | Identified the +3 hunting sling of Ascent {vorpal, rElec
                  | Dex+6}
  2404 | D:5      | Entered Level 5 of the Dungeon
  2633 | D:5      | Reached skill level 5 in Throwing
  2633 | D:5      | Reached skill level 7 in Unarmed Combat
  2633 | D:5      | Reached XP level 8. HP: 38/78 MP: 7/7
  2876 | D:5      | Noticed Edmund
  2885 | D:5      | Killed Edmund
  2886 | D:5      | Reached skill level 8 in Unarmed Combat
  3328 | D:6      | Noticed Blork the orc
  3337 | D:6      | Killed Blork the orc
  3346 | D:6      | Found a staircase to the Ecumenical Temple.
  3361 | Temple   | Entered the Ecumenical Temple
  3597 | Temple   | Became a worshipper of Uskayaw the Reveller
  3652 | D:6      | Reached * piety under Uskayaw
  3661 | D:6      | Reached ** piety under Uskayaw
  3803 | D:6      | Reached XP level 9. HP: 72/87 MP: 8/8
  3931 | D:6      | Reached skill level 5 in Fighting
  4293 | D:4      | Killed safid's ghost
  4294 | D:4      | Reached skill level 9 in Unarmed Combat
  4931 | D:7      | Reached skill level 1 in Invocations
  5023 | D:7      | Noticed a two-headed ogre
  5028 | D:7      | Killed a two-headed ogre
  5029 | D:7      | Reached skill level 10 in Unarmed Combat
  5122 | D:7      | Reached *** piety under Uskayaw
  5127 | D:7      | Reached **** piety under Uskayaw
  5129 | D:7      | Reached ***** piety under Uskayaw
  5173 | D:7      | Found a runed translucent door.
  5175 | D:7      | Found a runed translucent door.
  5282 | D:7      | Found Wesymas's Jewellery Emporium.
  5835 | D:8      | Reached XP level 10. HP: 83/96 MP: 12/12
  6543 | D:8      | Found a broken altar of Ashenzari.
  6617 | D:9      | Reached skill level 5 in Invocations
  6663 | D:9      | Reached skill level 11 in Unarmed Combat
  7330 | D:9      | Identified the ring of Orastrit {+Blink rN+ Int+4 Dex-3
                  | Stlth+}
  7670 | D:10     | Entered Level 10 of the Dungeon
  7790 | D:10     | Found a staircase to the Lair.
  8362 | D:10     | Noticed an orange demon
  8364 | D:10     | Reached skill level 12 in Unarmed Combat
  8373 | D:10     | Reached ****** piety under Uskayaw
  8379 | D:10     | Noticed a sun demon
  8380 | D:10     | Reached XP level 11. HP: 86/105 MP: 15/15
  8664 | D:11     | Found a staircase to the Orcish Mines.
  9091 | D:11     | Reached skill level 13 in Unarmed Combat
  9190 | D:11     | Noticed Nergalle
  9206 | D:11     | Killed Nergalle
  9207 | D:11     | Reached skill level 1 in Evocations
  9214 | D:11     | Found a runed translucent gate.
  9215 | D:11     | Found a runed translucent gate.
  9216 | D:11     | Found a runed translucent gate.
  9219 | D:11     | Noticed Fractals's ghost (journeyman KoBe)
  9987 | D:12     | Noticed a two-headed ogre
  9991 | D:12     | Killed a two-headed ogre
 10102 | D:12     | Noticed a green ugly thing
 10107 | D:12     | Killed a green ugly thing
 10415 | Lair:1   | Entered Level 1 of the Lair of Beasts
 11303 | Lair:1   | Noticed Erica
 11307 | Lair:1   | Mangled by a cane toad

Illustrated notes

Levels and vault maps discovered:
D:1:      sevenhm_arrival_forest_fort_large_2, layout_rooms,
          minmay_misc_feat_rows
D:2:      layout_loops_cross
D:3:      layout_loops_cross, cheibrodos_sewer_entry_bend
D:4:      layout_rooms, hellmonk_ghost_happy_afterlife, uniq_eustachio
D:5:      layout_rooms, roderic_lattice_a, feat_on_display, uniq_edmund
D:6:      layout_loops_ring, minmay_temple_entry_glass, uniq_blork_the_orc
D:7:      lemuel_insect_pit, layout_loops_ring, serial_shops,
          kennysheep_little_box, nicolae_grassy_gnolls
D:8:      layout_basic, mainiacjoe_overflow_alcove_4
D:9:      layout_cave_pods
D:10:     layout_roguey, lair_entry_dummy, special_room [special_room_kobold]
D:11:     layout_long_grid, zombieorc2_lemuel, gammafunk_ghost_spectres,
          uniq_nergalle
D:12:     layout_gridville, minivault_19
Temple:   mainiacjoe_temple_archimedes_tessellation
Lair:1:   layout_layer_cave, basic_altar, columned_hall_lemuel,
          grunt_megastairs_3, uniq_erica

Skill      XL: |  1  2  3  4  5  6  7  8  9 10 11 |
---------------+----------------------------------+-----
Unarmed Combat | 1 3 4 6 7 8 10 12 13 | 13.7
Fighting       | 2 3 4 5 6 |  6.0
Throwing       | 4 5 6 |  6.0
Dodging        | 3 |  3.0
Invocations    | 4 6 8 |  8.2
Evocations     | 3 |  3.3
Stealth        | |  0.3

Action                   |  1- 3 |  4- 6 |  7- 9 | 10-12 || total
-------------------------+-------+-------+-------+-------++-------
Melee: Unarmed           |    87 |   181 |   257 |   417 ||   942
       Punch             |       |     3 |    12 |    34 ||    49
Throw: Large rock        |     1 |       |       |     8 ||     9
       Stone             |       |       |       |    24 ||    24
       Boomerang         |       |       |       |     2 ||     2
Invok: Stomp             |       |       |     2 |     8 ||    10
  Use: Scroll            |       |       |     7 |       ||     7
 Stab: Sleeping          |     2 |       |     2 |     1 ||     5
       Paralysed         |       |       |     2 |    21 ||    23
       Distracted        |       |       |       |     1 ||     1
Armor: Robe              |    28 |    51 |    56 |    53 ||   188
       Troll leather arm |       |       |       |    83 ||    83
Dodge: Dodged            |    46 |    84 |   108 |   236 ||   474
